 Dungeon Crawl Stone Soup version 0.32-a0-558-g233958a4c4 (webtiles) character file.

Game seed: 10815897589577309305

86 seren the Slasher (level 4, -2/34 HPs)
             Began as a Coglin Gladiator on Mar 1, 2024.
             Incinerated by a bombardier beetle (3 damage)
             ... with a burning spray
             ... on level 3 of the Dungeon.
             The game lasted 00:04:43 (2182 turns).

seren the Slasher (Coglin Gladiator)                Turns: 2182, Time: 00:04:44

Health: -2/34      AC:  4    Str: 14    XL:     4   Next: 50%
Magic:  4/4        EV: 13    Int:  8    God:
Gold:   142        SH:  0    Dex: 17    Spells: 3/3 levels left

rFire   . . .        a - +0 long sword {Acruoplast}
rCold   . . .        (no shield)
rNeg    . . .        b - +0 leather armour
rPois   .            c - +0 helmet
rElec   .            (no cloak)
rCorr   .            (no gloves)
SInv    .            (no boots)
Will    .....        (amulet unavailable)
Stlth   +            (ring unavailable)
HPRegen 0.25/turn    (ring unavailable)
MPRegen 0.09/turn    (no gizmo)

%: no passive effects
@: on fire, glowing, revved
A: off-hand wielding, slow wielding, warmup strikes, no jewelry
a: Invent Gizmo


You were on level 3 of the Dungeon.
You visited 1 branch of the dungeon, and saw 3 of its levels.

You collected 142 gold pieces.

Inventory:

Hand Weapons
 a - a +0 long sword (weapon) {Acruoplast}
Missiles
 d - 3 throwing nets (quivered) {!f}
 e - a javelin
Armour
 b - a +0 leather armour (worn)
 c - a +0 helmet (worn)
Scrolls
 f - 2 scrolls of immolation {unknown}
 g - 2 scrolls of enchant weapon {unknown}
 l - a scroll of teleportation {unknown}
 m - a scroll of enchant armour {unknown}
 p - a scroll of identify {unknown}
Potions
 h - a potion of invisibility {unknown}
 i - a potion of resistance {unknown}
 j - a potion of magic {unknown}
 k - a potion of heal wounds {unknown}
 n - a potion of attraction {unknown}
 o - a potion of might {unknown}
 q - a potion of cancellation {unknown}


   Skills:
 + Level 2.7 Fighting
 * Level 3.8 Long Blades
 + Level 2.4 Throwing
 + Level 3.2 Dodging


You had 3 spell levels left.
You didn't know any spells.
Your spell library was empty.

Dungeon Overview and Level Annotations

Branches:
Dungeon (3/15)

Altars:

Shops:
D:1 =

Annotations:
D:3 2 runed translucent doors, Konar's ghost, amateur CoHu


Innate Abilities, Weirdness & Mutations

You can wield a second weapon in your off-hand.
It takes a long time for you to wield or remove held weapons.
Your first few attacks do less damage.
You cannot equip rings or amulets.


Message History

The bombardier beetle sprays incendiary fluid at you.
The burning spray hits you.
You are covered in liquid fire!
You hit the bombardier beetle but do no damage.
The bombardier beetle is severely wounded.
The liquid fire burns you!
You hit the bombardier beetle but do no damage.
The bombardier beetle is severely wounded.
The liquid fire burns you!
The bombardier beetle closely misses you.
You shake off some of the fire as you move.
The liquid fire burns you!
* * * LOW HITPOINT WARNING * * *
The bombardier beetle bites you but does no damage.
You shake off some of the fire as you move.
The liquid fire burns you!
* * * LOW HITPOINT WARNING * * *
You hit the bombardier beetle.
The bombardier beetle is severely wounded.
The liquid fire burns you!
* * * LOW HITPOINT WARNING * * *
The bombardier beetle sprays incendiary fluid at you.
The burning spray hits you.
You are even more covered in liquid fire!
You hit the bombardier beetle.
The bombardier beetle is almost dead.
The liquid fire burns you!
* * * LOW HITPOINT WARNING * * *
The bombardier beetle sprays incendiary fluid at you.
The burning spray hits you.
You are even more covered in liquid fire!
You hit the bombardier beetle but do no damage.
The bombardier beetle is almost dead.
The liquid fire burns you!
* * * LOW HITPOINT WARNING * * *
The bombardier beetle misses you.
You hit the bombardier beetle.
You kill the bombardier beetle!
The liquid fire burns you!
You die...

#≈≈≈≈≈≈..≈≈≈≈≈≈ # #######
#≈≈≈≈≈).≈≈≈≈≈# # ......#
####≈≈≈≈..≈≈≈≈## # #.#.#.#
#..##≈≈≈..≈≈≈## ######
#.#.#.# #.######''#####
#..... #.#.#.#
#"...#....#.#.# #.####
#.#.#.# ####.#.####.#.# #.#
..#.#.#######..#.†###.#.#
#.####
###..........<..@.....#.#
#.)...
###......##.....#####.##
#..###
##.......#...#####...###..#
#.#......##..÷....###.##..#
#####++####(.###>## ##.#..#
####~..≈..W##..# #.# #....#
#..##..#.ß~≈##.###.##
##.##.# ###.#
#...≈~#.##......###.###.#
#...##.#..(.~#########...##
#.#


There were no monsters in sight!

Vanquished Creatures
  A bombardier beetle (D:3)
  3 gnolls
  An adder (D:2)
  A ribbon worm (D:3)
  A dart slug (D:3)
  2 ball pythons
  4 endoplasms
  A giant cockroach (D:2)
  A goblin (D:2)
  5 hobgoblins
  7 jackals
  A quokka (D:1)
  7 bats
  2 frilled lizards
  2 kobolds (D:1)
  4 rats
43 creatures vanquished.

Notes
Turn   | Place    | Note
-------+----------+-------------------------------------------
     0 | D:1      | seren the Coglin Gladiator began the quest for the Orb.
     0 | D:1      | Reached XP level 1. HP: 16/16 MP: 1/1
    45 | D:1      | Found Sotzop's Jewellery Emporium.
    70 | D:1      | Reached XP level 2. HP: 13/22 MP: 2/2
   333 | D:1      | Reached XP level 3. HP: 28/28 MP: 3/3
  1133 | D:2      | Found a faded altar of an unknown god.
  1413 | D:2      | Reached XP level 4. HP: 34/34 MP: 4/4
  1894 | D:3      | Found a large runed translucent door.
  1894 | D:3      | Found a large runed translucent door.
  1895 | D:3      | Noticed Konar's ghost (amateur CoHu)
  2181 | D:3      | HP: 1/34 [burnt (6)]
  2182 | D:3      | Incinerated by a bombardier beetle

Illustrated notes

Levels and vault maps discovered:
D:1:      dpeg_arrival_more_subterranean_lakeside_camping, layout_basic,
          serial_shops, nicolae_shop_behind_doors, hex_intersection
D:2:      layout_basic, serial_glass, glass_columns_b, glass_columns_c,
          glass_columns_a, glass_columns_a, glass_columns_b, glass_columns_b,
          ebering_ecumenical_altar_hall
D:3:      kennysheep_big_flooded_room, layout_loops_ring,
          ebering_ghost_disaster_area, minmay_surrounded

Skill      XL: |  1  2 |
---------------+-------+-----
Throwing       | 2 |  2.4
Dodging        | 3 |  3.2
Fighting       | |  2.7
Long Blades    | |  3.8

Action                     |  1- 3 |  4- 6 || total
---------------------------+-------+-------++-------
  Melee: Long sword        |    93 |    50 ||   143
   Stab: Sleeping          |     2 |       ||     2
 Armour: Leather armour    |    81 |    33 ||   114
  Dodge: Dodged            |    98 |    24 ||   122

Table legend: (Time is in decaauts)
 A = Elapsed time spent in this place.
 B = Non-inter-level travel time spent in this place.
 C = Inter-level travel time spent in this place.
 D = Time resting spent in this place.
 E = Time spent auto-exploring this place.
 F = Levels seen in this place.
 G = Mean time per level.
                   A        B        C        D        E       F      G
               +--------+--------+--------+--------+--------+-----+--------+
         Total |   2215 |   2193 |     22 |    208 |   1552 |   3 |  738.3 |
       Dungeon |   2215 |   2193 |     22 |    208 |   1552 |   3 |  738.3 |
               +--------+--------+--------+--------+--------+-----+--------+

Top non-repeatable levels by time:
     D:1: 949 daAuts
     D:2: 912 daAuts
     D:3: 353 daAuts
